Workbook

Sheet ECOLE1
A2: MON ADRESSE | F2: Bon de livraison
A3: RUE MACHIN
A4: INDRE ET LOIRE
F8: ECOLE1
A11: Réf.: | B11: 20160229ECO1
A12: Date: | B12: 42429
A14: Quantité | C14: Désignation | G14: Prix Unitaire HT | H14: Prix Total HT
H15: =IF(ISBLANK(G15),"",G15*A15)
A16: 30 | B16: Kg | C16: Emincé de bœuf | G16: 7.5 | H16: =IF(ISBLANK(G16),"",G16*A16) -> 225
H17: =IF(ISBLANK(G17),"",G17*A17)
H18: =IF(ISBLANK(G18),"",G18*A18)
H19: =IF(ISBLANK(G19),"",G19*A19)
H20: =IF(ISBLANK(G20),"",G20*A20)
H21: =IF(ISBLANK(G21),"",G21*A21)
H22: =IF(ISBLANK(G22),"",G22*A22)
H23: =IF(ISBLANK(G23),"",G23*A23)
H24: =IF(ISBLANK(G24),"",G24*A24)
H25: =IF(ISBLANK(G25),"",G25*A25)
H26: =IF(ISBLANK(G26),"",G26*A26)
H27: =IF(ISBLANK(G27),"",G27*A27)
H28: =IF(ISBLANK(G28),"",G28*A28)
... H34: =IF(ISBLANK(G34),"",G34*A34)
C36: Numéro dispence agrément sanitaire XXXXXXX
C38: Température du véhicule de livraison
A41: En votre aimable règlement,
A42: Cordialement
A44: Conditions de paiement : paiement à réception de facture, à 30 jours… Aucun escompte consenti pour règlement anticipé Tout incident de paiement est passible d'intérêt de retard. Le montant des pénalités résulte de l'application aux sommes restant dues d'un taux d'intérêt légal en vigueur au moment de l'incident. Indemnité forfaitaire pour frais de recouvrement due au créancier en cas de retard de paiement: 40€
A49: N° Siret XXXXXXXXXXXXX RCS TOURS Code APE 4722Z - N° TVA Intracom. FR 000000000000

Sheet ECOLE2
A2: MON ADRESSE | F2: Bon de livraison
A3: RUE MACHIN
A4: INDRE ET LOIRE
F8: ECOLE 2
A11: Réf.: | B11: 1
A12: Date:
A14: Quantité | C14: Désignation | G14: Prix Unitaire HT | H14: Prix Total HT
H15: =IF(ISBLANK(G15),"",G15*A15)
H16: =IF(ISBLANK(G16),"",G16*A16)
H17: =IF(ISBLANK(G17),"",G17*A17)
H18: =IF(ISBLANK(G18),"",G18*A18)
H19: =IF(ISBLANK(G19),"",G19*A19)
H20: =IF(ISBLANK(G20),"",G20*A20)
H21: =IF(ISBLANK(G21),"",G21*A21)
H22: =IF(ISBLANK(G22),"",G22*A22)
H23: =IF(ISBLANK(G23),"",G23*A23)
H24: =IF(ISBLANK(G24),"",G24*A24)
H25: =IF(ISBLANK(G25),"",G25*A25)
H26: =IF(ISBLANK(G26),"",G26*A26)
... H34: =IF(ISBLANK(G34),"",G34*A34)
C36: Numéro dispence agrément sanitaire XXXXXXX
C38: Température du véhicule de livraison
A41: En votre aimable règlement,
A42: Cordialement
A44: Conditions de paiement : paiement à réception de facture, à 30 jours… Aucun escompte consenti pour règlement anticipé Tout incident de paiement est passible d'intérêt de retard. Le montant des pénalités résulte de l'application aux sommes restant dues d'un taux d'intérêt légal en vigueur au moment de l'incident. Indemnité forfaitaire pour frais de recouvrement due au créancier en cas de retard de paiement: 40€
A49: N° Siret XXXXXXXXXXXXX RCS TOURS Code APE 4722Z - N° TVA Intracom. FR 000000000000

Sheet ECOLE3
A2: MON ADRESSE | F2: Bon de livraison
A3: RUE MACHIN
A4: INDRE ET LOIRE
F8: ECOLE3
A11: Réf.: | B11: 1
A12: Date:
A14: Quantité | C14: Désignation | G14: Prix Unitaire HT | H14: Prix Total HT
H15: =IF(ISBLANK(G15),"",G15*A15)
H16: =IF(ISBLANK(G16),"",G16*A16)
H17: =IF(ISBLANK(G17),"",G17*A17)
H18: =IF(ISBLANK(G18),"",G18*A18)
H19: =IF(ISBLANK(G19),"",G19*A19)
H20: =IF(ISBLANK(G20),"",G20*A20)
H21: =IF(ISBLANK(G21),"",G21*A21)
H22: =IF(ISBLANK(G22),"",G22*A22)
H23: =IF(ISBLANK(G23),"",G23*A23)
H24: =IF(ISBLANK(G24),"",G24*A24)
H25: =IF(ISBLANK(G25),"",G25*A25)
H26: =IF(ISBLANK(G26),"",G26*A26)
... H34: =IF(ISBLANK(G34),"",G34*A34)
C36: Numéro dispence agrément sanitaire XXXXXXX
C38: Température du véhicule de livraison
A41: En votre aimable règlement,
A42: Cordialement
A44: Conditions de paiement : paiement à réception de facture, à 30 jours… Aucun escompte consenti pour règlement anticipé Tout incident de paiement est passible d'intérêt de retard. Le montant des pénalités résulte de l'application aux sommes restant dues d'un taux d'intérêt légal en vigueur au moment de l'incident. Indemnité forfaitaire pour frais de recouvrement due au créancier en cas de retard de paiement: 40€
A49: N° Siret XXXXXXXXXXXXX RCS TOURS Code APE 4722Z - N° TVA Intracom. FR 000000000000

Sheet ECOLE4
A2: MON ADRESSE | F2: Bon de livraison
A3: RUE MACHIN
A4: INDRE ET LOIRE
F8: ECOLE 4
A11: Réf.: | B11: 20160224
A12: Date: | B12: 42424
A14: Quantité | C14: Désignation | G14: Prix Unitaire HT | H14: Prix Total HT
H15: =IF(ISBLANK(G15),"",G15*A15)
A16: 13 | B16: Kg | C16: Bœuf Bourguignon 80Gr | G16: 8.1 | H16: =IF(ISBLANK(G16),"",G16*A16) -> 105.3
H17: =IF(ISBLANK(G17),"",G17*A17)
H18: =IF(ISBLANK(G18),"",G18*A18)
H19: =IF(ISBLANK(G19),"",G19*A19)
H20: =IF(ISBLANK(G20),"",G20*A20)
H21: =IF(ISBLANK(G21),"",G21*A21)
H22: =IF(ISBLANK(G22),"",G22*A22)
H23: =IF(ISBLANK(G23),"",G23*A23)
H24: =IF(ISBLANK(G24),"",G24*A24)
H25: =IF(ISBLANK(G25),"",G25*A25)
H26: =IF(ISBLANK(G26),"",G26*A26)
H27: =IF(ISBLANK(G27),"",G27*A27)
H28: =IF(ISBLANK(G28),"",G28*A28)
... H34: =IF(ISBLANK(G34),"",G34*A34)
C36: Numéro dispence agrément sanitaire XXXXXXX
C38: Température du véhicule de livraison
A41: En votre aimable règlement,
A42: Cordialement
A44: Conditions de paiement : paiement à réception de facture, à 30 jours… Aucun escompte consenti pour règlement anticipé Tout incident de paiement est passible d'intérêt de retard. Le montant des pénalités résulte de l'application aux sommes restant dues d'un taux d'intérêt légal en vigueur au moment de l'incident. Indemnité forfaitaire pour frais de recouvrement due au créancier en cas de retard de paiement: 40€
A49: N° Siret XXXXXXXXXXXXX RCS TOURS Code APE 4722Z - N° TVA Intracom. FR 000000000000

Sheet FACTURE
A2: MON ADRESSE | G2: FACTURE
A3: RUE MACHIN
A4: INDRE ET LOIRE
G7: =IF(ISBLANK(ECOLE1!F7),"",ECOLE1!F7)
G8: Centre financier
G10: =IF(ISBLANK(ECOLE1!F10),"",ECOLE1!F10)
B11: Réf.: | G11: =IF(ISBLANK(ECOLE1!F11),"",ECOLE1!F11)
B12: Date:
A14: Quantité | C14: DATE | D14: Désignation | H14: Prix Unitaire HT | I14: Prix Total HT
D15: =IF(ECOLE1!B11>0,ECOLE1!F8,"") -> ECOLE1
A16: =ECOLE1!A16 -> 30 | B16: =(ECOLE1!B16) -> Kg | C16: 42429 | D16: =ECOLE1!C16 -> Emincé de bœuf | H16: =(ECOLE1!G16) -> 7.5 | I16: =(ECOLE1!H16) -> 225
A17: =ECOLE1!A17 -> 0 | B17: =(ECOLE1!B17) -> 0 | D17: =ECOLE1!C17 -> 0 | H17: =(ECOLE1!G17) -> 0 | I17: =(ECOLE1!H17)
A18: =ECOLE1!A18 -> 0 | B18: =(ECOLE1!B18) -> 0 | D18: =ECOLE1!C18 -> 0 | H18: =(ECOLE1!G18) -> 0 | I18: =(ECOLE1!H18)
A19: =IF(ISBLANK(ECOLE1!A21),"",ECOLE1!A21) | B19: =IF(ISBLANK(ECOLE1!B21),"",ECOLE1!B21) | D19: ECOLE2 | H19: =IF(ISBLANK(ECOLE1!G21),"",ECOLE1!G21) | I19: =IF(ISBLANK(ECOLE1!H21),"",ECOLE1!H21)
A20: =(ECOLE2!A15) -> 0 | B20: =(ECOLE2!B15) -> 0 | D20: =(ECOLE2!C15) -> 0 | E20: =(ECOLE2!D15) -> 0 | F20: =(ECOLE2!E15) -> 0 | G20: =(ECOLE2!F15) -> 0 | H20: =(ECOLE2!G15) -> 0 | I20: =(ECOLE2!H15)
A21: =(ECOLE2!A16) -> 0 | B21: =(ECOLE2!B16) -> 0 | D21: =(ECOLE2!C16) -> 0 | E21: =(ECOLE2!D16) -> 0 | F21: =(ECOLE2!E16) -> 0 | G21: =(ECOLE2!F16) -> 0 | H21: =(ECOLE2!G16) -> 0 | I21: =(ECOLE2!H16)
A22: =(ECOLE2!A17) -> 0 | B22: =(ECOLE2!B17) -> 0 | D22: =(ECOLE2!C17) -> 0 | E22: =(ECOLE2!D17) -> 0 | F22: =(ECOLE2!E17) -> 0 | G22: =(ECOLE2!F17) -> 0 | H22: =(ECOLE2!G17) -> 0 | I22: =(ECOLE2!H17)
A23: =(ECOLE2!A18) -> 0 | B23: =(ECOLE2!B18) -> 0 | D23: =(ECOLE2!C18) -> 0 | E23: =(ECOLE2!D18) -> 0 | F23: =(ECOLE2!E18) -> 0 | G23: =(ECOLE2!F18) -> 0 | H23: =(ECOLE2!G18) -> 0 | I23: =(ECOLE2!H18)
A24: =IF(ISBLANK(ECOLE1!A26),"",ECOLE1!A26) | B24: =IF(ISBLANK(ECOLE1!B26),"",ECOLE1!B26) | D24: =IF(ECOLE3!B11>0,ECOLE3!F8,"") -> ECOLE3 | H24: =IF(ISBLANK(ECOLE1!G26),"",ECOLE1!G26) | I24: =IF(ISBLANK(ECOLE1!H26),"",ECOLE1!H26)
A25: =(ECOLE3!A15) -> 0 | B25: =(ECOLE3!B15) -> 0 | D25: =(ECOLE3!C15) -> 0 | E25: =(ECOLE3!D15) -> 0 | F25: =(ECOLE3!E15) -> 0 | G25: =(ECOLE3!F15) -> 0 | H25: =(ECOLE3!G15) -> 0 | I25: =(ECOLE3!H15)
A26: =(ECOLE3!A16) -> 0 | B26: =(ECOLE3!B16) -> 0 | D26: =(ECOLE3!C16) -> 0 | E26: =(ECOLE3!D16) -> 0 | F26: =(ECOLE3!E16) -> 0 | G26: =(ECOLE3!F16) -> 0 | H26: =(ECOLE3!G16) -> 0 | I26: =(ECOLE3!H16)
A27: =(ECOLE3!A17) -> 0 | B27: =(ECOLE3!B17) -> 0 | D27: =(ECOLE3!C17) -> 0 | E27: =(ECOLE3!D17) -> 0 | F27: =(ECOLE3!E17) -> 0 | G27: =(ECOLE3!F17) -> 0 | H27: =(ECOLE3!G17) -> 0 | I27: =(ECOLE3!H17)
A28: =(ECOLE3!A18) -> 0 | B28: =(ECOLE3!B18) -> 0 | D28: =(ECOLE3!C18) -> 0 | E28: =(ECOLE3!D18) -> 0 | F28: =(ECOLE3!E18) -> 0 | G28: =(ECOLE3!F18) -> 0 | H28: =(ECOLE3!G18) -> 0 | I28: =(ECOLE3!H18)
A29: =IF(ISBLANK(ECOLE1!A31),"",ECOLE1!A31) | B29: =IF(ISBLANK(ECOLE1!B31),"",ECOLE1!B31) | D29: ECOLE4 | H29: =IF(ISBLANK(ECOLE1!G31),"",ECOLE1!G31) | I29: =IF(ISBLANK(ECOLE1!H31),"",ECOLE1!H31)
A30: =ECOLE4!A16 -> 13 | B30: =ECOLE4!B16 -> Kg | C30: 42424 | D30: Bœuf Bourguignon 80Gr | H30: =ECOLE4!G16 -> 8.1 | I30: =ECOLE4!H16 -> 105.3
A31: =ECOLE4!A17 -> 0 | B31: =ECOLE4!B17 -> 0 | D31: =(ECOLE3!C22) -> 0 | E31: =(ECOLE3!D22) -> 0 | F31: =(ECOLE3!E22) -> 0 | G31: =(ECOLE3!F22) -> 0 | H31: =ECOLE4!G17 -> 0 | I31: =ECOLE4!H17
A32: =ECOLE4!A18 -> 0 | B32: =ECOLE4!B18 -> 0 | D32: =(ECOLE3!C23) -> 0 | E32: =(ECOLE3!D23) -> 0 | F32: =(ECOLE3!E23) -> 0 | G32: =(ECOLE3!F23) -> 0 | H32: =ECOLE4!G18 -> 0 | I32: =ECOLE4!H18
G34: Total HT | I34: =SUM(I15:I32) -> 330.3
G35: TVA | I35: =I34*0.055 -> 18.1665
G36: Total TTC en € | I36: =I34+I35 -> 348.4665
A38: En votre aimable règlement,
A39: Cordialement
A41: Conditions de paiement : paiement à réception de facture, à 30 jours… Aucun escompte consenti pour règlement anticipé Tout incident de paiement est passible d'intérêt de retard. Le montant des pénalités résulte de l'application aux sommes restant dues d'un taux d'intérêt légal en vigueur au moment de l'incident. Indemnité forfaitaire pour frais de recouvrement due au créancier en cas de retard de paiement: 40€
A46: N° Siret XXXXXXXXXXXXX RCS TOURS Code APE 4722Z - N° TVA Intracom. FR 000000000000
